 Dungeon Crawl Stone Soup version 0.32-a0-135-g14f8b2e1af (webtiles) character file.

Game seed: 14296943372213154874

155 Yenzu the Cudgeller (level 5, -2/32 HPs)
             Began as a Gargoyle Gladiator on Feb 10, 2024.
             Slain by Duvessa
             ... wielding a +0 short sword
              (3 damage)
             ... on level 4 of the Dungeon.
             The game lasted 00:31:12 (2083 turns).

Yenzu the Cudgeller (Gargoyle Gladiator)            Turns: 2083, Time: 00:31:12

Health: -2/32      AC:  8    Str: 18    XL:     5   Next: 37%
Magic:  5/5        EV: 12    Int:  8    God:
Gold:   98         SH:  0    Dex: 13    Spells: 4/4 levels left

rFire   . . .        r - +0 falchion
rCold   . . .        (no shield)
rNeg    + . .        b - +0 leather armour
rPois   ∞            c - +0 helmet
rElec   +            (no cloak)
rCorr   .            (no gloves)
SInv    .            (no boots)
Will    .....        (no amulet)
Stlth   +            (no ring)
HPRegen 0.25/turn    (no ring)
MPRegen 0.09/turn

%: no passive effects
@: no status effects
A: sickness immunity, AC +4, negative energy resistance 1, electricity
resistance, torment resistance 1, petrification resistance
a: no special abilities


You were on level 4 of the Dungeon.
You visited 1 branch of the dungeon, and saw 4 of its levels.

You collected 98 gold pieces.

Inventory:

Hand Weapons
 a - a +0 mace
 g - a +0 mace
 h - a +1 spear of venom
 m - a +0 club
 r - a +0 falchion (weapon)
 s - a +0 club
 t - a +0 whip
 u - a +0 club
 y - a +0 club
 B - a +0 whip
 D - a +0 club
 E - a +0 club
 G - a +0 whip
 H - a +0 club
 J - a +0 dagger
 K - a +0 dagger
 L - a +0 flail
 M - a +0 club
 O - a +0 dagger
Missiles
 d - 2 throwing nets (quivered)
 e - a javelin
 f - 6 boomerangs
 z - 13 stones
Armour
 b - a +0 leather armour (worn)
 c - a +0 helmet (worn)
 p - a +0 leather armour
 A - a +0 ring mail
 F - a +0 robe
 I - a +0 leather armour
 N - a +0 leather armour
Scrolls
 k - a scroll of acquirement {unknown}
 l - 2 scrolls of revelation {unknown}
 o - 3 scrolls of identify {unknown}
 w - a scroll of teleportation {unknown}
 C - a scroll of amnesia {unknown}
Potions
 i - 2 potions of enlightenment {unknown}
 j - a potion of curing {unknown}
 n - a potion of might {unknown}
 q - a potion of attraction {unknown}
 v - a potion of brilliance {unknown}
 x - a potion of degeneration {unknown}


   Skills:
 + Level 3.3 Fighting
 + Level 3.5 Maces & Flails
 + Level 1.5 Polearms
 + Level 2.0 Throwing
 + Level 2.0 Armour
 + Level 3.1 Dodging
 + Level 0.3 Stealth


You had 4 spell levels left.
You didn't know any spells.
Your spell library was empty.

Dungeon Overview and Level Annotations

Branches:
Dungeon (4/15)
 Temple: D:4-7

Altars:
Nemelex Xobeh

Shops:
D:2 (

Annotations:
D:4 Dowan, Duvessa


Innate Abilities, Weirdness & Mutations

You are immune to sickness and miasma.
Your stone body is resilient. (AC +4)
You are immune to poison.
You resist negative energy. (rN+)
You are resistant to electric shocks. (rElec)
You are resistant to unholy torment.
You are immune to petrification.


Message History

You hit Dowan.
Dowan is lightly wounded.
Dowan mumbles some strange words.
Dowan blinks!
The goblin hits you with a +0 dagger. The goblin hits you but does no damage.
You hit the goblin.
You kill the goblin!
Dowan points at you and mumbles some strange words.
The puff of flame hits you!
Dowan says, "Magic and the sword, together, will defeat you."
Dowan casts a spell at something.
Things that are here:
a +0 dagger; a goblin corpse
O - a +0 dagger Dowan misses you. Dowan hits you with a +0 dagger.
You slash Dowan!
Dowan is heavily wounded.
You hear a shout!
Dowan hits you with a +0 dagger.
You slash Dowan!
Dowan is severely wounded.
Dowan hits you with a +0 dagger. Duvessa hits you with a +0 short sword.
You hit Dowan.
Dowan is almost dead.
Duvessa hits you with a +0 short sword. Dowan casts a spell at you.
The puff of flame hits you. Duvessa hits you with a +0 short sword.
* * * LOW HITPOINT WARNING * * *
Dowan gestures at you while chanting. The puff of frost hits you!
* * * LOW HITPOINT WARNING * * *
Duvessa attacks as she pursues you! Duvessa barely misses you.
Duvessa hits you but does no damage.
You closely miss Duvessa.
Duvessa gestures with her weapon.
Duvessa barely misses you. Dowan hits you with a +0 dagger.
* * * LOW HITPOINT WARNING * * *
Duvessa hits you with a +0 short sword.
You die...

...... ....
...... ......
..... #.....#
.... .....e. #..
....... #.#
.......###.# #
#.......e@.####.#
#..!...e†......#
###...........##
#........##...#
#........# #...
#........# ..#
#........# .#
#........# ###...
#........##.....#


You could see Duvessa (fast) and Dowan.

Vanquished Creatures
  A bombardier beetle (D:3)
  Jessica (D:3)
  5 adders
  A gnoll (D:1)
  2 ufetubi (D:3)
  A dart slug (D:1)
  2 ball pythons (D:1)
  3 endoplasms (D:1)
  A giant cockroach (D:1)
  4 goblins
  A hobgoblin (D:2)
  5 quokkas
  4 bats
  5 kobolds
36 creatures vanquished.

Notes
Turn   | Place    | Note
-------+----------+-------------------------------------------
     0 | D:1      | Yenzu the Gargoyle Gladiator began the quest for the Orb.
     0 | D:1      | Reached XP level 1. HP: 12/12 MP: 1/1
   204 | D:2      | Found a faded altar of an unknown god.
   320 | D:2      | Reached XP level 2. HP: 18/18 MP: 2/2
   703 | D:1      | Reached XP level 3. HP: 22/22 MP: 3/3
  1143 | D:2      | Found Wiogasej's Antique Weapon Shop.
  1255 | D:2      | Reached skill level 1 in Polearms
  1314 | D:2      | Found a sparkling altar of Nemelex Xobeh.
  1328 | D:2      | Reached XP level 4. HP: 23/27 MP: 4/4
  1644 | D:2      | Reached skill level 1 in Armour
  1755 | D:3      | Noticed Jessica
  1765 | D:3      | Killed Jessica
  1857 | D:3      | Reached XP level 5. HP: 31/32 MP: 5/5
  2061 | D:4      | Noticed Dowan
  2063 | D:4      | Noticed Duvessa
  2083 | D:4      | HP: 1/32 [Dowan/+0 dagger (2)]
  2083 | D:4      | Slain by Duvessa

Illustrated notes

Levels and vault maps discovered:
D:1:      minmay_arrival_three_doors, layout_basic
D:2:      layout_basic, nicolae_ecumenical_lake_church, basic_altar,
          serial_shops, nicolae_shop_tiny_glass, chequers_big_river
D:3:      layout_loops_corners, minivault_24, uniq_jessica
D:4:      layout_rooms, uniq_menkaure, uniq_duvessa, uniq_eustachio

Skill      XL: |  1  2  3  4  5 |
---------------+----------------+-----
Throwing       | 2 |  2.0
Polearms       | 1 |  1.5
Armour         | 1 2 |  2.0
Fighting       | 3 |  3.3
Dodging        | 3 |  3.1
Maces & Flails | |  3.5
Stealth        | |  0.3

Action                     |  1- 3 |  4- 6 || total
---------------------------+-------+-------++-------
  Melee: Spear             |    62 |    57 ||   119
         Flail             |     3 |       ||     3
         Punch             |     2 |     2 ||     4
         Falchion          |       |    10 ||    10
         Mace              |       |     3 ||     3
  Throw: Throwing net      |     3 |       ||     3
 Armour: Leather armour    |    49 |    66 ||   115
  Dodge: Dodged            |    52 |    69 ||   121

Table legend: (Time is in decaauts)
 A = Elapsed time spent in this place.
 B = Non-inter-level travel time spent in this place.
 C = Inter-level travel time spent in this place.
 D = Time resting spent in this place.
 E = Time spent auto-exploring this place.
 F = Levels seen in this place.
 G = Mean time per level.
                   A        B        C        D        E       F      G
               +--------+--------+--------+--------+--------+-----+--------+
         Total |   2111 |   2096 |     15 |     33 |    185 |   4 |  527.8 |
       Dungeon |   2111 |   2096 |     15 |     33 |    185 |   4 |  527.8 |
               +--------+--------+--------+--------+--------+-----+--------+

Top non-repeatable levels by time:
     D:2: 1005 daAuts
     D:1: 700 daAuts
     D:3: 350 daAuts
     D:4: 55 daAuts
